 Dungeon Crawl Stone Soup version 0.27-a0-412-g8dd771eca2 (webtiles) character file.

Game seed: 15802791620005705814

77 dickylongcocking the Stinger (level 3, -2/26 HPs)
             Began as a Demigod Venom Mage on Feb 22, 2021.
             Slain by a river rat (3 damage)
             ... on level 3 of the Dungeon on Feb 23, 2021.
             The game lasted 00:03:11 (3295 turns).

dickylongcocking the Stinger (Demigod Venom Mage)   Turns: 3295, Time: 00:03:12

Health: -2/26      AC:  3    Str:  9    XL:     3   Next: 91%
Magic:  9/9        EV: 11    Int: 21    God:
Gold:   47         SH:  0    Dex: 14    Spells: 5/6 levels left

rFire    . . .     SeeInvis .   o - +4 short sword
rCold    . . .     Faith    .   (no shield)
rNeg     . . .     Spirit   .   u - +0 leather armour
rPois    .         Reflect  .   (no helmet)
rElec    .         Harm     .   (no cloak)
rCorr    .         Rampage  .   (no gloves)
Will     .....                  (no boots)
Stlth    +.........             (no amulet)
HPRegen  0.08/turn              (no ring)
MPRegen  0.11/turn              (no ring)

@: lethally poisoned (-2 -> -5), very slow
A: high mp 1
a: no special abilities


You were on level 3 of the Dungeon.
You visited 1 branch of the dungeon, and saw 3 of its levels.

You collected 47 gold pieces.

Inventory:

Hand Weapons
 b - a +0 club
 f - a +1 whip of flaming
 o - a +4 short sword (weapon)
Armour
 a - a +0 robe
 t - a +0 robe
 u - a +0 leather armour (worn)
Wands
 m - a wand of random effects (8)
Scrolls
 d - a scroll of identify {unknown}
 g - 3 scrolls of teleportation {unknown}
 i - a scroll of enchant weapon {unknown}
 j - a scroll of random uselessness {unknown}
 l - a scroll of enchant armour {unknown}
 n - a scroll of fear {unknown}
 p - a scroll of magic mapping {unknown}
 s - 2 scrolls of amnesia {unknown}
Potions
 c - a potion of curing {unknown}
 e - 2 potions of attraction {unknown}
 h - 2 potions of degeneration {unknown}
 k - a potion of brilliance {unknown}
 q - a potion of mutation {unknown}
 r - a potion of flight {unknown}


   Skills:
 * Level 0.2 Fighting
 - Level 1.8 Dodging
 - Level 1.8 Stealth
 * Level 2.4 Spellcasting
 * Level 2.1 Transmutations
 * Level 3.4 Poison Magic


You had 5 spell levels left.
You knew the following spells:

 Your Spells              Type           Power        Failure   Level
a - Sting                 Tmut/Pois      56%          6%          1

Your spell library contained the following spells:

 Spells                   Type           Power        Failure   Level
 Poisonous Vapours        Pois/Air       18%          16%         2
 Ignite Poison            Fire/Tmut/Pois 10%          28%         3
 Mephitic Cloud           Conj/Pois/Air  7%           36%         3
 Olgreb's Toxic Radiance  Pois           17%          43%         4


Dungeon Overview and Level Annotations

Branches:
Dungeon (3/15)


Innate Abilities, Weirdness & Mutations

You have an increased reservoir of magic. (+10% MP)


Message History

No target in view!
You hear the rusting of a drain nearby.
An adder comes into view.
An adder is nearby!
An adder is nearby!
A rat comes into view.
A rat comes into view.
There are monsters nearby!
You enter the shallow water.
Moving in this stuff is going to be slow.
The adder hisses angrily.
A river rat comes into view.
A rat comes into view.
The adder bites you but does no damage. The adder barely misses you.
The rat closely misses you. The adder bites you. The rat barely misses you.
The rat bites you but does no damage.
You hit the adder.
The adder is heavily wounded.
The adder bites you but does no damage. The rat bites you but does no damage.
The adder bites you but does no damage. The rat bites you but does no damage.
The adder bites you.
You are poisoned.
The adder poisons you! The rat bites you but does no damage.
The adder closely misses you. The river rat bites you.
The rat barely misses you.
You hit the adder.
The adder is almost dead.
You feel sick.
The rat splashes around in the water.
The adder closely misses you. The river rat closely misses you.
The rat splashes around in the water.
You hit the rat.
You kill the rat!
The adder bites you. The rat bites you.
The rat splashes around in the water.
The river rat bites you!
* * * LOW HITPOINT WARNING * * *
The adder closely misses you.
You hit the adder.
You kill the adder!
The rat bites you but does no damage.
The rat splashes around in the water.
The river rat bites you.
You die...

.. .# #.###. #....≈ #
#...≈≈≈# #....#≈#
#...≈≈≈# #.rr#≈#
#.≈@r≈# #..≈#≈# ##..≈#
# #....# ######....#
########.........###.#
.......'.............#
########........######
#........#


You could see a river rat and 2 rats.

Vanquished Creatures
  3 adders
  2 dart slugs
  2 leopard geckos
  11 bats
  4 giant cockroaches
  7 goblins
  5 hobgoblins
  4 frilled lizards (D:1)
  7 kobolds
  4 rats
  A butterfly (D:2)
50 creatures vanquished.

Notes
Turn   | Place    | Note
-------+----------+-------------------------------------------
     0 | D:1      | dickylongcocking the Demigod Venom Mage began the quest for
                  | the Orb.
     0 | D:1      | Reached XP level 1. HP: 14/14 MP: 5/5
   178 | D:1      | Reached skill level 1 in Transmutations
   211 | D:1      | Reached skill level 3 in Poison Magic
   211 | D:1      | Reached XP level 2. HP: 5/20 MP: 0/7
   708 | D:1      | Upgraded the game from 0.27-a0-406-g23f261fbd2 to
                  | 0.27-a0-412-g8dd771eca2
  1695 | D:2      | Reached XP level 3. HP: 25/26 MP: 8/8
  2104 | D:2      | Found a shimmering altar of Xom.
  2327 | D:2      | Found an ancient bone altar of Kikubaaqudgha.
  2746 | D:2      | Found a shadowy altar of Dithmenos.
  3026 | D:3      | Found a sparkling altar of Nemelex Xobeh.
  3294 | D:3      | HP: 1/26 [river rat (8)]
  3295 | D:3      | Slain by a river rat

Illustrated notes

Levels and vault maps discovered:
D:1:      heliophobic_arrival_henge, layout_basic, minmay_box_of_dots
D:2:      layout_loops_ring, xom_butterflies,
          nicolae_dithmenos_through_a_glass_darkly, kiku_gazebo_pond_becter
D:3:      minmay_diamond_boxcup, layout_basic, general_overflow_altar,
          lightli_sewer_entry_pipes, nemelex_xobeh_ov_fountains_minmay,
          uniq_sigmund

Skill      XL: |  1  2  3 |
---------------+----------+-----
Transmutations | 1 2 |  2.1
Spellcasting   | 2 |  2.4
Poison Magic   | 3 |  3.4
Fighting       | |  0.2
Dodging        | |  1.8
Stealth        | |  1.8

Action                   || total
-------------------------++-------
Melee: Club              ||    46
       Whip              ||    53
       Short sword       ||    22
 Cast: Sting             ||    36
 Stab: Sleeping          ||     9
Armor: Robe              ||    28
       Leather armour    ||    11
Dodge: Dodged            ||    96

Table legend: (Time is in decaauts)
 A = Elapsed time spent in this place.
 B = Non-inter-level travel time spent in this place.
 C = Inter-level travel time spent in this place.
 D = Time resting spent in this place.
 E = Time spent auto-exploring this place.
 F = Levels seen in this place.
 G = Mean time per level.
                   A        B        C        D        E       F      G
               +--------+--------+--------+--------+--------+-----+--------+
         Total |   3316 |   3208 |    108 |     31 |   2750 |   3 | 1105.3 |
       Dungeon |   3316 |   3208 |    108 |     31 |   2750 |   3 | 1105.3 |
               +--------+--------+--------+--------+--------+-----+--------+

Top non-repeatable levels by time:
     D:1: 1659 daAuts
     D:2: 1385 daAuts
     D:3: 271 daAuts
